 Dungeon Crawl Stone Soup version 0.26.1-11-gd32895ea62 (webtiles) character file.

Game seed: 12118940149149639519

261 infcreate the Sneak (level 5, 0/29 HPs)
             Began as a Vampire Enchanter on Apr 20, 2021.
             Slain by a mummy (5 damage)
             ... in an ossuary.
             The game lasted 00:11:30 (4253 turns).

infcreate the Sneak (Vampire Enchanter)             Turns: 4253, Time: 00:11:31

Health: 0/29       AC:  3    Str:  7    XL:     5   Next: 96%
Magic:  16/17      EV: 14    Int: 17    God:
Gold:   165        SH:  0    Dex: 16    Spells: 3/9 levels left

rFire    . . .     SeeInvis +   a - +1 dagger
rCold    + + .     Faith    .   (no shield)
rNeg     + + +     Spirit   .   b - +1 robe
rPois    ∞         Reflect  .   (no helmet)
rElec    .         Harm     .   (no cloak)
rCorr    .         Rampage  .   (no gloves)
Will     .....                  (no boots)
Stlth    +++++.....             (no amulet)
HPRegen  0.00/turn              W - ring of magical power
MPRegen  0.15/turn              (no ring)

@: about to teleport, marked, bloodless
A: fangs 3, see invisible, unbreathing
a: Bat Form, Revivify


You were in an ossuary.
You visited 1 branch of the dungeon, and saw 4 of its levels.
You also visited: Sewer and Ossuary.

You collected 165 gold pieces.


Innate Abilities, Weirdness & Mutations

You do not regenerate when monsters are visible.
You are frail without blood (-20% HP).
You can heal yourself when you bite living creatures.
You are immune to poison.
You have razor-sharp teeth.
You have supernaturally acute eyesight. (SInv)
You can survive without breathing.


   Skills:
 + Level 1.2 Fighting
 * Level 3.0 Short Blades
 * Level 3.7 Dodging
 * Level 6.1 Stealth
 + Level 2.5 Spellcasting
 * Level 5.8 Hexes


You had 3 spell levels left.
You knew the following spells:

 Your Spells              Type           Power        Failure   Level
c - Corona                Hex            23%          1%          1
e - Ensorcelled Hibernat  Hex/Ice        24%          9%          2
t - Confusing Touch       Hex            21%          4%          3

Your spell library contained the following spells:

 Spells                   Type           Power        Failure   Level
 Tukima's Dance           Hex            21%          4%          3
 Dazzling Flash           Conj/Hex       24%          17%         3

Inventory:

Hand Weapons
 a - a +1 dagger (weapon)
Armour
 b - a +1 robe (worn)
Jewellery
 W - a ring of magical power (left hand)
Scrolls
 d - 4 scrolls of enchant armour
 f - a scroll of remove curse {@r2}
 n - 5 scrolls of identify {@r1}
Potions
 c - a potion of magic {unknown}
 e - 3 potions of heal wounds {@q2}
 h - 4 potions of curing {unknown}
 k - 2 potions of flight {unknown}
 l - 2 potions of lignification {unknown}
 o - a potion of haste {unknown}
 p - 2 potions of degeneration {unknown}

Dungeon Overview and Level Annotations

Branches:
Dungeon (4/15)              Sewer (visited)         Ossuary (1/1)
 Temple: D:4-7

Altars:
Elyvilon

Annotations:
D:4 Duvessa, Menkaure ################### .......∩∩.........# ...Z..............# .▒▒▒▒▒▒▒▒▒▒▒▒▒▒ZZ.# .▒ ▒ZZZ# .▒ ▒...▒ ▒.@.# .▒▒▒▒+.... ▒MZZ#

.▒.....∩.▒ ▒ZZ.#
Z▒.......▒ ▒...#
.▒.......▒ ▒...#
.▒.......▒▒▒▒Z▒...#
.▒.......Z....▒...#
.▒ ▒..▒ ▒...# Z▒
▒ZZ▒ ▒...#


You could see a mummy, a jackal zombie, a hobgoblin zombie, 2 kobold zombies, 2
big kobold zombies, 2 elf zombies and a human zombie.


Message History

The hobgoblin zombie closely misses you.
The elf zombie hits you but does no damage.
The elf zombie hits you.
* * * LOW HITPOINT WARNING * * *
The kobold zombie closely misses you. The human zombie misses you.
You feel much better.
The jackal zombie bites you but does no damage.
The kobold zombie hits you. The elf zombie hits you.
As you read the scroll labelled PATUKO JUJYHI, it crumbles to dust.
You feel strangely unstable.
It was a scroll of teleportation.
The jackal zombie closely misses you.
The elf zombie hits the human zombie!
The elf zombie hits itself.
The human zombie hits you. The kobold zombie closely misses you.
The kobold zombie hits you but does no damage.
You catch the helpless elf zombie completely off-guard!
You puncture the elf zombie!
The elf zombie is almost destroyed.
The jackal zombie bites you. The elf zombie hits you.
The kobold zombie hits you but does no damage.
The human zombie hits you.
* * * LOW HITPOINT WARNING * * *
The jackal zombie bites you but does no damage.
You hit the elf zombie.
The elf zombie is almost destroyed.
The kobold zombie closely misses you. The elf zombie hits you!
* * * LOW HITPOINT WARNING * * *
The elf zombie hits the kobold zombie!
The kobold zombie is destroyed!
The mummy hits you.
You die...

Skill      XL: |  1  2  3  4  5 |
---------------+----------------+-----
Stealth        | 5 6 |  6.1
Hexes          | 5 |  5.8
Short Blades   | 2 3 |  3.0
Dodging        | 3 |  3.7
Fighting       | 1 |  1.2
Spellcasting   | |  2.5

Action                   |  1- 3 |  4- 6 || total
-------------------------+-------+-------++-------
Melee: Dagger            |    86 |   126 ||   212
       Bite              |     5 |    10 ||    15
 Cast: Corona            |    13 |     3 ||    16
       Ensorcelled Hiber |    22 |    30 ||    52
       Confusing Touch   |       |    13 ||    13
 Abil: Exsanguinate      |     1 |       ||     1
  Use: Scroll            |     3 |     7 ||    10
       Potion            |       |     1 ||     1
 Stab: Sleeping          |    31 |    31 ||    62
       Confused          |       |     9 ||     9
Armor: Robe              |    20 |    20 ||    40
Dodge: Dodged            |    42 |    81 ||   123

Levels and vault maps discovered:
D:1:      lightli_molten_gateway, layout_loops_ring
D:2:      layout_basic, serial_corexii_hall, chequers_hall_statues_wall_a,
          corexii_hall_statues_l, chequers_hall_statues_corner_a,
          corexii_hall_statues_x, minmay_tetromino_s2
D:3:      layout_loops_ring, marbit_many_paths
D:4:      minmay_clustersquares, layout_rooms, gup_ossuary_entry_pyramid,
          gup_sewer_entry_glass, uniq_ijyb, uniq_duvessa, uniq_menkaure
Ossuary:  ossuary_tomb_1

Notes
Turn   | Place    | Note
-------+----------+-------------------------------------------
     0 | D:1      | infcreate the Vampire Enchanter began the quest for the
                  | Orb.
     0 | D:1      | Reached XP level 1. HP: 13/13 MP: 3/3
   378 | D:1      | Reached XP level 2. HP: 6/15 MP: 0/5
   381 | D:1      | Learned a level 2 spell: Ensorcelled Hibernation
  1458 | D:2      | Reached XP level 3. HP: 20/20 MP: 6/6
  1499 | D:2      | Reached skill level 5 in Stealth
  1884 | D:2      | Reached skill level 5 in Hexes
  1960 | D:2      | Reached skill level 2 in Short Blades
  2185 | D:3      | Reached XP level 4. HP: 19/24 MP: 4/7
  2377 | D:3      | Found a white marble altar of Elyvilon.
  2490 | D:3      | Reached skill level 3 in Dodging
  2528 | D:3      | Learned a level 3 spell: Confusing Touch
  2743 | D:3      | Noticed a two-headed ogre
  3430 | D:4      | Found a glowing drain.
  3461 | D:4      | Reached XP level 5. HP: 26/28 MP: 5/8
  3472 | D:4      | Noticed Duvessa
  3482 | Sewer    | Entered a sewer
  3572 | Sewer    | Noticed Purgy
  3582 | Sewer    | Killed Purgy
  3583 | Sewer    | Reached skill level 1 in Fighting
  3583 | Sewer    | Reached skill level 6 in Stealth
  3810 | D:4      | Noticed Menkaure
  3812 | D:4      | Found a sand-covered staircase.
  3818 | Ossuary  | Entered an ossuary
  4009 | Ossuary  | Reached skill level 3 in Short Blades
  4253 | Ossuary  | Slain by a mummy

Vanquished Creatures
  Purgy (Sewer)
  A hound skeleton (D:4)
  A howler monkey zombie (D:4)
  6 adders
  A worm (D:2)
  A dart slug (D:3)
  4 leopard geckos
  An orc (D:3)
  8 giant cockroaches
  5 goblins
  10 hobgoblins
  A quokka (D:3)
  11 bats
  7 frilled lizards
  9 hobgoblin zombies (Ossuary)
  10 kobolds
  6 kobold zombies (Ossuary)
  6 orc zombies (Ossuary)
  3 rats
92 creatures vanquished.

Table legend: (Time is in decaauts)
 A = Elapsed time spent in this place.
 B = Non-inter-level travel time spent in this place.
 C = Inter-level travel time spent in this place.
 D = Time resting spent in this place.
 E = Time spent auto-exploring this place.
 F = Levels seen in this place.
 G = Mean time per level.
                   A        B        C        D        E       F      G
               +--------+--------+--------+--------+--------+-----+--------+
         Total |   4231 |   4128 |    103 |    153 |   2704 |   6 |  705.2 |
       Dungeon |   3532 |   3429 |    103 |      6 |   2556 |   4 |  883.0 |
         Sewer |    275 |    275 |      0 |     82 |     54 |   1 |  275.0 |
       Ossuary |    423 |    423 |      0 |     65 |     94 |   1 |  423.0 |
               +--------+--------+--------+--------+--------+-----+--------+

Top non-repeatable levels by time:
     D:1: 1276 daAuts
     D:3: 1238 daAuts
     D:2: 888 daAuts
 Ossuary: 423 daAuts
   Sewer: 275 daAuts
     D:4: 129 daAuts

Table legend:
 A = Non-vault XP
 B = Vault XP
 C = Vault XP percentage of total XP
 D = Non-vault monster count
 E = Vault monster count
 F = Vault count percentage of total count
                 A         B        C        D         E       F
            +---------+---------+-------+---------+---------+-------
      Total |     193 |     181 |  48.4 |      59 |      33 |  35.9
            +---------+---------+-------+---------+---------+-------
        D:1 |      33 |       0 |   0.0 |      20 |       0 |   0.0
        D:2 |      39 |       5 |  11.4 |      15 |       2 |  11.8
        D:3 |      73 |       2 |   2.7 |      21 |       1 |   4.5
        D:4 |      48 |      17 |  26.2 |       3 |       3 |  50.0
      Sewer |       0 |     136 | 100.0 |       0 |       6 | 100.0
    Ossuary |       0 |      21 | 100.0 |       0 |      21 | 100.0
            +---------+---------+-------+---------+---------+-------
